 Dungeon Crawl Stone Soup version 0.28.0-1-gb440e238dd (webtiles) character file.

Game seed: 16927031254063552801

3 Kaptain the Digger (level 1, 0/11 HPs)
             Began as an Octopode Earth Elementalist on Feb 21, 2022.
             Slain by a hobgoblin (4 damage)
             ... on level 1 of the Dungeon.
             The game lasted 00:00:29 (117 turns).

Kaptain the Digger (Octopode Earth Elementalist)     Turns: 117, Time: 00:00:30

Health: 0/11       AC:  1    Str:  7    XL:     1   Next: 50%
Magic:  0/3        EV: 13    Int: 17    God:
Gold:   0          SH:  0    Dex: 12    Spells: 3/4 levels left

rFire   . . .      SeeInvis .   c - +0 short sword (venom)
rCold   . . .      Faith    .   (no shield)
rNeg    . . .      Spirit   .   (helmet restricted)
rPois   .          Reflect  .   (no amulet)
rElec   .          Harm     .   (no ring)
rCorr   .          Rampage  .   (no ring)
Will    .....                   (no ring)
Stlth   +++.......              (no ring)
HPRegen 0.03/turn               (no ring)
MPRegen 0.08/turn               (no ring)
                                (no ring)
                                (no ring)

@: no status effects
A: almost no armour, amphibious, 8 rings, camouflage 1, gelatinous body 1,
(nimble swimmer 1), tentacles
a: no special abilities


You were on level 1 of the Dungeon.
You visited 1 branch of the dungeon, and saw 1 of its levels.

Inventory:

Hand Weapons
 c - a +0 short sword of venom (weapon)
Missiles
 b - 46 stones
Potions
 a - a potion of degeneration {unknown}


   Skills:
 + Level 0.1 Fighting
 + Level 2.0 Dodging
 + Level 2.7 Stealth
 * Level 2.1 Spellcasting
 - Level 1.0 Transmutations
 * Level 3.0 Earth Magic


You had 3 spell levels left.
You knew the following spells:

 Your Spells              Type           Power      Damage    Failure   Level
a - Sandblast             Erth           24%        2d8       5%          1

Your spell library contained the following spells:

 Spells                   Type           Power      Damage    Failure   Level
 Passwall                 Tmut/Erth      6%         N/A       13%         2
 Stone Arrow              Conj/Erth      14%        3d7       30%         3
 Petrify                  Tmut/Erth      8%         N/A       63%         4


Dungeon Overview and Level Annotations

Branches:
Dungeon (1/15)

Altars:


Innate Abilities, Weirdness & Mutations

You cannot wear most types of armour.
You are amphibious.
You can wear up to eight rings at the same time.
Your skin changes colour to match your surroundings (Stealth+).
Your rubbery body absorbs attacks. (AC +1, EV +1)
((You are camouflaged when in or above water. (Stealth+)))
You have tentacles for arms and can constrict up to eight enemies at once.


Message History

You kill the frilled lizard!
The hobgoblin shouts!
A rat comes into view.
Unknown command.
Casting: Sandblast (safe; 5% risk of failure)
Confirm with . or Enter, or press ? or * to list all spells.
Aiming: Sandblast (safe; 5% risk of failure)
Press: ? - help, Shift-Dir - straight line, f - bat
Aim: a bat (69% to hit)
The blast of sand hits the bat!
You kill the bat!
Unknown command.
Casting: Sandblast (safe; 5% risk of failure)
Confirm with . or Enter, or press ? or * to list all spells.
You don't have enough magic to cast this spell.
Unknown command.
Casting: Sandblast (safe; 5% risk of failure)
Confirm with . or Enter, or press ? or * to list all spells.
You don't have enough magic to cast this spell.
Unknown command.
Unknown command.
The hobgoblin hits you.
You tentacle-slap the hobgoblin but do no damage.
Your grab misses the hobgoblin. The hobgoblin misses you.
The hobgoblin misses you.
You see here a +0 short sword of venom.
c - a +0 short sword of venom The hobgoblin barely misses you.
The hobgoblin hits you.
Your +0 short sword of venom begins to drip with poison!
c - a +0 short sword of venom (weapon)
Casting: Sandblast (safe; 5% risk of failure)
Confirm with . or Enter, or press ? or * to list all spells.
Aiming: Sandblast (safe; 5% risk of failure)
Press: ? - help, Shift-Dir - straight line, f - hobgoblin
Aim: a hobgoblin (79% to hit)
The blast of sand misses the hobgoblin.
The blast of sand hits the rat!
You kill the rat!
The hobgoblin hits you.
You die...

...........###..#
.. ######....†#
##+# . #.....#
#.....# #.....#
#!....# ###†###
#g# #@# #.# #.#
#.. ###


You could see a hobgoblin.

Vanquished Creatures
  A bat (D:1)
  2 frilled lizards (D:1)
  A kobold (D:1)
  A rat (D:1)
5 creatures vanquished.

Notes
Turn   | Place    | Note
-------+----------+-------------------------------------------
     0 | D:1      | Kaptain the Octopode Earth Elementalist began the quest for
                  | the Orb.
     0 | D:1      | Reached XP level 1. HP: 11/11 MP: 3/3
   117 | D:1      | Slain by a hobgoblin

Illustrated notes

Levels and vault maps discovered:
D:1:      lightli_arrival_statue_moat, layout_basic,
          hellmonk_ecumenical_altar_arch_garden

Action                   || total
-------------------------++-------
Melee: Unarmed           ||     1
 Cast: Sandblast         ||     5
Dodge: Dodged            ||     3
